[Event "Titled Tuesday Blitz April 25 Early 2023"]
[White "Steinberg, Nitzan"]
[Black "polandchessplayer"]
[WhiteFideId "2801795"]
[WhiteElo "2486"]
[BlackElo "2601"]
[Result "1/2-1/2"]
[Round "02"]
[TimeControl "180+2"]
[Date "2023.04.25"]
[WhiteClock "0:00:18"]
[BlackClock "0:00:20"]

1. d4 Nf6 2. Nf3 d5 3. Bf4 c6 4. h3 g6 5. e3 Bg7 6. c4 O-O 7. Nc3 e6 8. Be2 b6 9. O-O Bb7 10. Rc1 Nbd7 11. Qc2 Rc8 12. Rfd1 dxc4 13. Bxc4 b5 14. Be2 a6 15. b4 Nd5 16. Qb2 Nxf4 17. exf4 Nf6 18. g3 Qe7 19. a3 h6 20. Ne5 Rfd8 21. Bf3 Qd6 22. Ne2 Nd5 23. h4 Qe7 24. Kg2 h5 25. Nd3 Nb6 26. Nc5 Nc4 27. Qb3 Rd6 28. Rd3 Rcd8 29. Rcd1 Qc7 30. Qc3 Qb6 31. Nc1 a5 32. N1b3 a4 33. Na5 Nxa5 34. bxa5 Qa7 35. Qb4 Ba8 36. a6 Qb6 37. Be4 Bf8 38. Kf3 f5 39. Kg2 fxe4 40. Nxe4 Rxd4 41. Rxd4 c5 42. Rxd8 cxb4 43. Rxa8 Qc6 44. Rdd8 Qxe4+ 45. Kh2 Qf3 46. Rxf8+ Kg7 47. Kg1 Qd1+ 48. Kg2 Qd5+ 49. Kh2 Qf3 50. Rg8+ Kh7 51. Rh8+ Kg7 52. Rag8+ Kf7 53. Rf8+ Kg7 54. Rhg8+ Kh7 55. Kg1 Qd1+ 56. Kg2 Qd5+ 57. Kh2 Qf3 58. Rh8+ Kg7 59. Rfg8+ Kf7 60. Rf8+ Kg7 1/2-1/2


[Site "https://www.chess.com"]

[Event "Titled Tuesday Blitz April 25 Early 2023"]
[White "Gukesh D"]
[Black "Schnaider, Ilan"]
[WhiteFideId "46616543"]
[BlackFideId "169013"]
[WhiteElo "2612"]
[BlackElo "2224"]
[Result "1/2-1/2"]
[Round "02"]
[TimeControl "180+2"]
[Date "2023.04.25"]
[WhiteClock "0:00:12"]
[BlackClock "0:00:06"]

1. d4 Nf6 2. Nf3 g6 3. Bf4 Bg7 4. e3 O-O 5. h3 c5 6. c3 cxd4 7. exd4 d5 8. Bd3 Nc6 9. O-O Re8 10. Nbd2 Bf5 11. Bxf5 gxf5 12. Ne5 e6 13. a4 Nd7 14. Ndf3 Ndxe5 15. dxe5 Qc7 16. Re1 f6 17. exf6 Qxf4 18. fxg7 Kxg7 19. g3 Qh6 20. h4 Rad8 21. b4 Qf6 22. b5 Na5 23. Ne5 Nc4 24. Qd4 Rc8 25. Kg2 Nxe5 26. Rxe5 Rc4 27. Qe3 b6 28. Re1 Re4 29. Rxe4 fxe4 30. c4 Rf8 31. cxd5 Qf3+ 32. Qxf3 exf3+ 33. Kf1 exd5 34. Re5 Rc8 35. Ke1 Rc2 36. Re3 Ra2 37. Rxf3 Rxa4 38. Rf5 Rd4 39. h5 h6 40. Ke2 Kg8 41. f3 Kg7 42. g4 Kg8 43. Ke3 Rd1 44. Kf4 d4 45. Rd5 Rb1 46. Rxd4 Rxb5 47. Rd8+ Kf7 48. Rd7+ Kf6 49. Rxa7 Rb4+ 50. Kg3 Rb3 51. Rh7 Kg5 52. Rg7+ Kf6 53. Rg6+ Kf7 54. Rxh6 b5 55. Rb6 b4 56. g5 Rb1 57. Kf4 Rh1 58. Rxb4 Rh4+ 59. Kf5 Rxb4 60. f4 Rb5+ 61. Kg4 Rb4 62. Kf5 Rb5+ 63. Kg4 Rb4 64. Kf5 1/2-1/2


[Site "https://www.chess.com"]

[Event "Titled Tuesday Blitz April 25 Early 2023"]
[White "Melikyan, Gnel"]
[Black "Corrales Jimenez, Fidel"]
[WhiteFideId "54109990"]
[BlackFideId "3506690"]
[WhiteElo "2138"]
[BlackElo "2541"]
[Result "0-1"]
[Round "02"]
[TimeControl "180+2"]
[Date "2023.04.25"]
[WhiteClock "0:00:03"]
[BlackClock "0:00:32"]

1. e4 d6 2. d4 Nf6 3. Nc3 c6 4. g3 b5 5. Bg2 e5 6. Nge2 Be7 7. O-O O-O 8. f4 exd4 9. Nxd4 b4 10. Nce2 Qb6 11. Kh1 Nbd7 12. Be3 c5 13. Nf5 Bd8 14. Qxd6 Bb7 15. Qxb6 axb6 16. Nd6 Bc6 17. e5 Bxg2+ 18. Kxg2 Nd5 19. Bg1 Nb8 20. Rfd1 Ne7 21. c3 Nbc6 22. cxb4 Nxb4 23. Nc3 Bc7 24. Ndb5 Bb8 25. a3 Nbc6 26. b4 cxb4 27. axb4 Rxa1 28. Rxa1 Nxb4 29. Bxb6 Ned5 30. Nxd5 Nxd5 31. Bc5 Rd8 32. Bd6 Bxd6 33. Nxd6 f6 34. Kf3 fxe5 35. fxe5 Ne7 36. Ke4 Rb8 37. Ra4 g6 38. Nc4 Kf7 39. Nd2 Rb6 40. Nf3 h6 41. Nd4 Rb1 42. Ra2 Re1+ 43. Re2 Rc1 44. Rf2+ Ke8 45. e6 Re1+ 46. Kd3 Rd1+ 47. Kc4 Rc1+ 48. Kb5 Nc8 49. Nc6 Nd6+ 50. Kb6 Re1 51. e7 Nf5 52. g4 Nxe7 53. Nxe7 Kxe7 54. Kc5 Re4 55. Rg2 Ke6 56. h4 Ke5 57. h5 g5 58. Kc6 Kf4 59. Rg1 Rd4 60. Kc5 Rd2 61. Kc6 Kf3 62. Kc5 Rd8 63. Kc6 Rd4 64. Kc5 Rxg4 65. Rf1+ Kg3 66. Rf6 Rh4 67. Rxh6 Kg4 68. Kd4 Rxh5 69. Ra6 Rh3 70. Ke4 Rb3 71. Ra1 Kh4 72. Rh1+ Rh3 73. Rb1 g4 74. Kf4 Rf3+ 75. Ke4 Rf8 76. Rg1 g3 77. Ke3 Kh3 78. Rh1+ Kg2 79. Rh7 Kg1 80. Ke2 g2 81. Re7 Rh8 0-1


[Site "https://www.chess.com"]

[Event "Titled Tuesday Blitz April 25 Early 2023"]
[White "Yelisieiev, Yevhenii"]
[Black "Zhigalko, Sergei"]
[WhiteFideId "14139642"]
[BlackFideId "13502956"]
[WhiteElo "2425"]
[BlackElo "2626"]
[Result "0-1"]
[Round "02"]
[TimeControl "180+2"]
[Date "2023.04.25"]
[WhiteClock "0:00:04"]
[BlackClock "0:00:36"]

1. d4 Nf6 2. Nf3 e6 3. c4 b6 4. g3 Ba6 5. b3 Bb4+ 6. Bd2 Be7 7. Bg2 c6 8. O-O d5 9. Qc2 Nbd7 10. Bf4 O-O 11. Nbd2 Nh5 12. Ne5 Nxf4 13. gxf4 Nxe5 14. fxe5 Rc8 15. Rfd1 c5 16. dxc5 Bxc5 17. Ne4 Qe7 18. Nxc5 Qxc5 19. Qb2 dxc4 20. bxc4 Bxc4 21. Rac1 Qb5 22. Qd4 g6 23. e3 Bxa2 24. Ra1 Rc2 25. Rd2 Rxd2 26. Qxd2 Bc4 27. Qc3 a5 28. Rc1 Bd5 29. Bf1 Qa4 30. Qd4 Qxd4 31. exd4 a4 32. Rb1 a3 33. Rxb6 a2 34. Ra6 Ra8 0-1


[Site "https://www.chess.com"]

[Event "Titled Tuesday Blitz April 25 Early 2023"]
[White "Mitrabha, Guha"]
[Black "Jain Kashish Manoj"]
[WhiteFideId "5057000"]
[BlackFideId "35081098"]
[WhiteElo "2507"]
[BlackElo "2191"]
[Result "1-0"]
[Round "02"]
[TimeControl "180+2"]
[Date "2023.04.25"]
[WhiteClock "0:00:40"]
[BlackClock "0:00:02"]

1. Nf3 Nf6 2. c4 g6 3. g3 Bg7 4. Bg2 O-O 5. O-O d6 6. Nc3 Nc6 7. Rb1 a5 8. d4 Bf5 9. Ra1 Qc8 10. d5 Nb4 11. Nd4 Bh3 12. b3 Bxg2 13. Kxg2 e5 14. Ndb5 Na6 15. e4 Nd7 16. Be3 f5 17. f3 Nf6 18. Qd3 f4 19. Bf2 g5 20. g4 h5 21. h3 hxg4 22. hxg4 Nxg4 23. Rh1 Nxf2 24. Kxf2 Nc5 25. Qf1 Kf7 26. Qg2 g4 27. Qxg4 Qxg4 28. fxg4 Na6 29. Kf3 Kg6 30. Rh5 Rh8 31. Rah1 Rxh5 32. Rxh5 Rh8 33. Rxh8 Bxh8 34. a3 Bf6 35. Na2 Bd8 36. b4 axb4 37. axb4 Kf6 38. Nbc3 Ke7 39. g5 Kf7 40. Kg4 Kg6 41. Ne2 Bxg5 42. Nec1 Bd8 43. Nd3 Kf6 44. Nc3 c6 45. Kh5 Bb6 46. Kg4 Bd4 47. Ne2 Be3 48. Nc3 Bd2 49. dxc6 bxc6 50. b5 cxb5 51. Nd5+ Ke6 52. cxb5 Nb8 53. Nb2 1-0


[Site "https://www.chess.com"]

[Event "Titled Tuesday Blitz April 25 Early 2023"]
[White "Demchenko, Anton"]
[Black "Arias, Juan Cruz"]
[WhiteFideId "4160258"]
[BlackFideId "118540"]
[WhiteElo "2545"]
[BlackElo "2243"]
[Result "1-0"]
[Round "02"]
[TimeControl "180+2"]
[Date "2023.04.25"]
[WhiteClock "0:00:14"]
[BlackClock "0:00:20"]

1. e4 c6 2. d4 d5 3. e5 c5 4. Nf3 cxd4 5. Nxd4 Nc6 6. Nxc6 bxc6 7. Bd3 a5 8. Qe2 e6 9. Nd2 Qb6 10. O-O Ba6 11. c4 Ne7 12. b3 Ng6 13. Nf3 Bc5 14. h4 h6 15. h5 Ne7 16. Bf4 Rd8 17. Rac1 Ba3 18. Rc2 a4 19. bxa4 Qa5 20. Rb1 Qxa4 21. Bg3 O-O 22. cxd5 Bxd3 23. Qxd3 cxd5 24. Rb3 Ra8 25. Nd4 Bb4 26. Bh4 Rfc8 27. g3 Rc7 28. Rxc7 1-0


[Site "https://www.chess.com"]

[Event "Titled Tuesday Blitz April 25 Early 2023"]
[White "Movahed, Sina"]
[Black "Skliarov, Viktor"]
[WhiteFideId "42520835"]
[BlackFideId "14106736"]
[WhiteElo "2225"]
[BlackElo "2317"]
[Result "1-0"]
[Round "02"]
[TimeControl "180+2"]
[Date "2023.04.25"]
[WhiteClock "0:00:14"]
[BlackClock "0:00:08"]

1. Nf3 g6 2. e4 c5 3. d4 cxd4 4. Nxd4 Bg7 5. c4 Nc6 6. Be3 Nf6 7. Nc3 Ng4 8. Qxg4 Nxd4 9. Qd1 Ne6 10. Rc1 Qa5 11. Qd2 d6 12. Be2 b6 13. O-O Bb7 14. a3 O-O 15. f3 f5 16. exf5 Qxf5 17. Nd5 Bxd5 18. cxd5 Nf4 19. Bc4 Be5 20. g3 Nh3+ 21. Kg2 Qh5 22. Be2 Qf5 23. Qd3 Qd7 24. Rc2 Rac8 25. Rfc1 Rxc2 26. Rxc2 Rc8 27. Rxc8+ Qxc8 28. b4 Bf6 29. f4 g5 30. f5 g4 31. Qe4 h5 32. Bxg4 hxg4 33. Qxg4+ Kf8 34. Bh6+ Ke8 35. Qg8+ Kd7 36. Qxc8+ Kxc8 37. Kxh3 b5 38. g4 Bb2 39. Bd2 Bxa3 40. Bc3 Bc1 41. Kh4 Kd7 42. g5 Ke8 43. g6 Kf8 44. Kg4 Kg8 45. h4 Be3 46. h5 Bc1 47. f6 exf6 48. Bxf6 Bd2 49. Kf5 1-0


[Site "https://www.chess.com"]

[Event "Titled Tuesday Blitz April 25 Early 2023"]
[White "Kuzubov, Yuriy"]
[Black "Danielyan, Vahe"]
[WhiteFideId "14112906"]
[BlackFideId "13304828"]
[WhiteElo "2496"]
[BlackElo "2423"]
[Result "1-0"]
[Round "02"]
[TimeControl "180+2"]
[Date "2023.04.25"]
[WhiteClock "0:01:05"]
[BlackClock "0:00:01"]

1. d4 d5 2. c4 e6 3. Nf3 Nf6 4. Nc3 Be7 5. cxd5 exd5 6. Bf4 O-O 7. e3 c6 8. Bd3 Nbd7 9. h3 Re8 10. O-O a5 11. a3 Nf8 12. Rb1 Ne6 13. Qc2 g6 14. Bh2 Ng7 15. b4 axb4 16. axb4 Bf5 17. b5 c5 18. dxc5 Bxc5 19. Rfd1 Rc8 20. Qb3 Be6 21. Qb2 Nf5 22. Be5 Nd7 23. Nxd5 Nxe5 24. Nxe5 Bxd5 25. Ng4 Ng7 26. Nf6+ Kh8 27. Bf1 1-0


[Site "https://www.chess.com"]

[Event "Titled Tuesday Blitz April 25 Early 2023"]
[White "Kevlishvili, Robby"]
[Black "Isajevsky, Anton"]
[WhiteFideId "1040634"]
[BlackFideId "4142500"]
[WhiteElo "2572"]
[BlackElo "2510"]
[Result "1-0"]
[Round "02"]
[TimeControl "180+2"]
[Date "2023.04.25"]
[WhiteClock "0:01:29"]
[BlackClock "0:00:08"]

1. e4 e6 2. d4 d5 3. Nd2 dxe4 4. Nxe4 Bd7 5. Nf3 Bc6 6. Bd3 Nd7 7. Qe2 Ngf6 8. Ned2 g6 9. c4 Bxf3 10. Nxf3 Bg7 11. O-O O-O 12. Rd1 c6 13. h3 Re8 14. Be3 Qc7 15. Rac1 e5 16. dxe5 Nxe5 17. Nxe5 Qxe5 18. Qc2 Nh5 19. b3 Nf4 20. Bf1 Ne6 21. Rd7 Nc5 22. Rd2 a5 23. Rcd1 h5 24. a3 Qe7 25. b4 axb4 26. axb4 Ne4 27. Rd7 Qxb4 28. Rb1 Qc3 29. Qxc3 Nxc3 30. Rbxb7 Ra1 31. g3 Ne2+ 32. Kg2 Nxg3 33. Rxf7 Nf5 34. Rxg7+ Nxg7 35. Rxg7+ Kxg7 36. Bd4+ Kf7 37. Bxa1 1-0


[Site "https://www.chess.com"]

[Event "Titled Tuesday Blitz April 25 Early 2023"]
[White "Fressinet, Laurent"]
[Black "djokovic74"]
[WhiteFideId "608742"]
[WhiteElo "2633"]
[BlackElo "2588"]
[Result "1-0"]
[Round "02"]
[TimeControl "180+2"]
[Date "2023.04.25"]
[WhiteClock "0:00:11"]
[BlackClock "0:00:01"]

1. d4 e6 2. Nf3 Nf6 3. Bg5 h6 4. Bh4 c5 5. e3 b6 6. Nbd2 Be7 7. c3 Bb7 8. Bd3 O-O 9. O-O Nc6 10. Qe2 d5 11. Ne5 Nxe5 12. dxe5 Ne4 13. Bxe7 Qxe7 14. Bxe4 dxe4 15. Qg4 Qg5 16. Qxg5 hxg5 17. Rfd1 Bd5 18. c4 Bc6 19. Nb1 Rfd8 20. Nc3 Kf8 21. h3 Ke7 22. Kh2 f6 23. Kg3 Rac8 24. Kg4 Kf7 25. Rxd8 Rxd8 26. Rd1 Rd3 27. exf6 gxf6 28. Rxd3 exd3 29. f3 a6 30. Kg3 b5 31. b3 f5 32. Kf2 Kf6 33. Ke1 g4 34. Kd2 gxh3 35. gxh3 b4 36. Nd1 Bxf3 37. Nb2 Be4 38. Na4 Kg5 39. Nxc5 Kh4 40. Nxe6 Kxh3 41. Nc5 Bc6 42. Nxa6 Kg2 43. Nxb4 Be4 44. Nxd3 Kf3 45. Nc5 Bc6 46. b4 f4 47. exf4 Kxf4 48. Kc3 Ke5 49. b5 Be8 50. Nd3+ Kd6 51. a4 Bg6 52. Kd4 Bf7 53. c5+ Kc7 54. Nb4 Kb7 55. a5 Bh5 56. a6+ Ka7 57. Nc6+ Ka8 58. b6 Bf3 59. b7# 1-0


[Site "https://www.chess.com"]

[Event "Titled Tuesday Blitz April 25 Early 2023"]
[White "Odegov, Artem"]
[Black "Indjic, Aleksandar"]
[WhiteFideId "34183644"]
[BlackFideId "911925"]
[WhiteElo "2300"]
[BlackElo "2614"]
[Result "0-1"]
[Round "02"]
[TimeControl "180+2"]
[Date "2023.04.25"]
[WhiteClock "0:00:04"]
[BlackClock "0:01:13"]

1. d4 e6 2. c4 b6 3. Nf3 Bb7 4. g3 f5 5. Bg2 Bb4+ 6. Nc3 Bxc3+ 7. bxc3 Nf6 8. O-O O-O 9. Qd3 Qe7 10. a4 d6 11. a5 Nbd7 12. a6 Be4 13. Qd2 e5 14. Ba3 c5 15. Rfd1 Rad8 16. e3 Bxf3 17. Bxf3 e4 18. Bg2 Qe6 19. Qe2 Rc8 20. Rd2 cxd4 21. cxd4 Rfe8 22. Bf1 h5 23. h4 Ng4 24. Rad1 Ndf6 25. c5 d5 26. Rc1 g5 27. hxg5 Nh7 28. Rdc2 b5 29. c6 Nxg5 30. Bg2 Rc7 31. Qxb5 Nf3+ 32. Bxf3 exf3 33. Rc5 h4 34. gxh4 Qg6 35. Kf1 Nxe3+ 36. Ke1 Nc4+ 37. Kd1 Qg1+ 38. Kc2 Qxf2+ 39. Kb3 Re3+ 40. Kb4 Qd2+ 41. Ka4 Rxa3# 0-1


[Site "https://www.chess.com"]

[Event "Titled Tuesday Blitz April 25 Early 2023"]
[White "Xiong, Jeffery"]
[Black "Osinenko, Anton"]
[WhiteFideId "2047640"]
[BlackFideId "4158970"]
[WhiteElo "2726"]
[BlackElo "2294"]
[Result "0-1"]
[Round "02"]
[TimeControl "180+2"]
[Date "2023.04.25"]
[WhiteClock "0:01:31"]
[BlackClock "0:00:58"]

1. e4 Nc6 2. d4 d5 3. e5 Bf5 4. c3 e6 5. Be3 h5 6. Nd2 Nge7 7. Be2 h4 8. Ngf3 Qd7 9. b4 Bg6 10. a4 Nf5 11. Bf4 Nce7 12. Nb3 Bh7 13. Ng5 Bg6 14. O-O Ng8 15. b5 f6 16. Nf3 Bf7 17. Bd2 Nge7 18. Re1 Ng6 19. Bd3 fxe5 20. Nxe5 Nxe5 21. Bxf5 Nc4 22. Qg4 Nxd2 23. Bxe6 Bxe6 24. Rxe6+ Kd8 25. Nxd2 c6 26. Nf3 Bd6 27. bxc6 bxc6 28. h3 Kc7 29. Rae1 Rab8 30. Nxh4 Rxh4 31. Qg5 Qxe6 0-1


[Site "https://www.chess.com"]

[Event "Titled Tuesday Blitz April 25 Early 2023"]
[White "Dzagnidze, Nana"]
[Black "Quesada Perez, Yuniesky"]
[WhiteFideId "13601903"]
[BlackFideId "3504409"]
[WhiteElo "2406"]
[BlackElo "2585"]
[Result "0-1"]
[Round "02"]
[TimeControl "180+2"]
[Date "2023.04.25"]
[WhiteClock "0:00:03"]
[BlackClock "0:00:32"]

1. c4 c6 2. Nf3 d5 3. b3 Bf5 4. Bb2 e6 5. g3 Nf6 6. Bg2 h6 7. O-O Nbd7 8. d3 Bh7 9. Nc3 Be7 10. e4 O-O 11. e5 Ne8 12. Qe2 a6 13. Rac1 Qa5 14. d4 Nc7 15. Ne1 Rac8 16. Nd3 Qb6 17. Rfd1 Qa7 18. h4 Rfd8 19. c5 a5 20. Na4 Na6 21. Nf4 b6 22. cxb6 Nxb6 23. Bf1 Nxa4 24. bxa4 Nb8 25. Qg4 Bf5 26. Qf3 c5 27. Bb5 Nc6 28. Ne2 Be4 29. Qe3 Nb4 30. a3 Nc2 31. Qd2 cxd4 32. Nxd4 Nxd4 33. Bxd4 Bc5 34. Rxc5 Rxc5 35. Bxc5 Qxc5 36. Qxa5 Rc8 37. Qb4 Qc2 38. Re1 Rc3 39. a5 Rxg3+ 40. Kf1 Bg2+ 41. Kg1 Bh3+ 0-1


[Site "https://www.chess.com"]

[Event "Titled Tuesday Blitz April 25 Early 2023"]
[White "Donchenko, Alexander"]
[Black "Han, Yichen"]
[WhiteFideId "24603295"]
[BlackFideId "1054430"]
[WhiteElo "2542"]
[BlackElo "2342"]
[Result "1-0"]
[Round "02"]
[TimeControl "180+2"]
[Date "2023.04.25"]
[WhiteClock "0:00:44"]
[BlackClock "0:00:08"]

1. Nf3 d5 2. g3 Bg4 3. Bg2 Nd7 4. h3 Bxf3 5. Bxf3 Ngf6 6. d3 e5 7. e4 c6 8. Nc3 Bb4 9. O-O Bxc3 10. bxc3 dxe4 11. dxe4 Nc5 12. Ba3 Qxd1 13. Rfxd1 b6 14. Rab1 O-O 15. Bxc5 bxc5 16. Rb7 Rfb8 17. Rdb1 Rd8 18. Kf1 Ne8 19. Ke2 Nd6 20. Rc7 Nb5 21. Rxb5 cxb5 22. Rxc5 Rac8 23. Rxb5 Rxc3 24. Rb2 a5 25. Bg4 a4 26. Kf1 a3 27. Rb7 Rxc2 28. Be2 h6 29. Ra7 Rxa2 30. Bc4 Ra1+ 31. Kg2 Rf8 32. Bd5 g6 33. h4 Kg7 34. Kf3 g5 35. hxg5 hxg5 36. Kg4 Kg6 37. Ra6+ f6 38. Ra7 Rb8 39. Be6 Rh8 40. Bf5+ Kh6 41. Ra6 a2 42. Ra7 Rb1 43. Rxa2 Rb7 44. Ra6 Kg7 45. Ra2 Rh2 46. Kf3 Rc7 47. Rb2 Rc3+ 48. Kg4 Rc7 49. Ra2 Rh8 50. Be6 Rd8 51. Bd5 Rb8 52. Kf5 Rb1 53. Ra8 Rf1 54. Rg8+ Kh7 55. Kxf6 Rxf2+ 56. Kxe5 Re7+ 57. Kd6 Rg7 58. Ra8 Rg2 59. Ra3 Re2 60. e5 Kg6 61. e6 Kh5 62. Bf3+ 1-0


[Site "https://www.chess.com"]

[Event "Titled Tuesday Blitz April 25 Early 2023"]
[White "Cori T., Deysi"]
[Black "Galchenko, Matvey"]
[WhiteFideId "3801934"]
[BlackFideId "24175480"]
[WhiteElo "2292"]
[BlackElo "2423"]
[Result "0-1"]
[Round "02"]
[TimeControl "180+2"]
[Date "2023.04.25"]
[WhiteClock "0:00:01"]
[BlackClock "0:00:07"]

1. Nf3 c5 2. e3 g6 3. d4 cxd4 4. exd4 Nf6 5. Bg5 Bg7 6. Nbd2 d6 7. Bb5+ Nc6 8. O-O O-O 9. c3 a6 10. Ba4 b5 11. Bc2 Bb7 12. Re1 Re8 13. a4 Qb6 14. Qe2 Nd5 15. Be4 Nc7 16. b4 d5 17. Bd3 e5 18. a5 Qa7 19. dxe5 Nxe5 20. Be3 Qb8 21. Rac1 Ne6 22. Nxe5 Bxe5 23. Nf3 Bg7 24. Qd2 Qd6 25. Bb1 Rac8 26. Red1 Rc4 27. Ba2 Rcc8 28. Bxd5 Bxd5 29. Qxd5 Qxd5 30. Rxd5 Bxc3 31. Rd6 Bxb4 32. Rxa6 Rxc1+ 33. Bxc1 Nd4 34. Be3 Ne2+ 35. Kf1 Nc3 36. Ra7 Nd5 37. Ng5 Nxe3+ 38. fxe3 Rxe3 39. Nxf7 Bf8 40. Nd8 b4 41. Nc6 b3 42. Rb7 Re6 43. Nd4 Re5 44. Nxb3 Rf5+ 45. Ke2 Rf6 46. Rb6 Rf4 47. a6 Re4+ 48. Kd3 Ra4 49. Nd4 Bc5 50. Rb8+ Kf7 51. Nb3 Bd6 52. Rb7+ Ke6 53. Rb6 Kd5 0-1


[Site "https://www.chess.com"]

[Event "Titled Tuesday Blitz April 25 Early 2023"]
[White "Zomorrodian, Eilia"]
[Black "Kravtsiv, Martyn"]
[WhiteFideId "12551805"]
[BlackFideId "14113147"]
[WhiteElo "2078"]
[BlackElo "2695"]
[Result "0-1"]
[Round "02"]
[TimeControl "180+2"]
[Date "2023.04.25"]
[WhiteClock "0:00:21"]
[BlackClock "0:01:18"]

1. e4 e5 2. Bc4 Nc6 3. Nf3 Nf6 4. d3 Bc5 5. c3 O-O 6. Bb3 d5 7. Qe2 d4 8. Nbd2 b5 9. c4 a6 10. Nf1 Qd6 11. Ng3 Na5 12. cxb5 axb5 13. Bc2 Bb4+ 14. Kf1 Nc6 15. h3 h6 16. Nh4 Ne7 17. Qf3 c5 18. a3 c4 19. Ngf5 Nxf5 20. Nxf5 Bxf5 21. exf5 Rfe8 22. Qg3 e4 23. Bf4 Qf8 24. dxe4 d3 25. Bd1 Nxe4 26. Qg4 Nf6 0-1


[Site "https://www.chess.com"]

[Event "Titled Tuesday Blitz April 25 Early 2023"]
[White "Harsha Bharathakoti"]
[Black "Sliwicka, Alicja"]
[WhiteFideId "5078776"]
[BlackFideId "1150677"]
[WhiteElo "2504"]
[BlackElo "2206"]
[Result "1-0"]
[Round "02"]
[TimeControl "180+2"]
[Date "2023.04.25"]
[WhiteClock "0:00:07"]
[BlackClock "0:00:04"]

1. e4 c5 2. Nc3 Nc6 3. Bb5 Nd4 4. Nf3 g6 5. O-O Bg7 6. Nxd4 cxd4 7. Ne2 a6 8. Bc4 e6 9. c3 dxc3 10. dxc3 Ne7 11. Bf4 d5 12. exd5 exd5 13. Bb3 O-O 14. Re1 Qb6 15. Be3 Qc7 16. Bd4 Bh6 17. Ng3 Be6 18. Be5 Qd7 19. Qf3 Nc6 20. Bf6 Bg7 21. Bxg7 Kxg7 22. Rad1 Rad8 23. Qf4 f6 24. Rd2 h5 25. h3 Ne5 26. Red1 Qc6 27. Ne2 g5 28. Qe3 Rde8 29. Nd4 Qc8 30. Nxe6+ Rxe6 31. Bxd5 Re7 32. Qb6 Qf5 33. Qb4 Rfe8 34. Be4 Qc8 35. Bc2 g4 36. hxg4 hxg4 37. Qf4 Rh8 38. Rd6 Rh6 39. Rd8 Qc6 40. Be4 Qc4 41. b3 Qe2 42. R8d2 Qxe4 43. Qxe4 Nf3+ 44. gxf3 Rxe4 45. fxe4 Kg6 46. Kg2 Kg5 47. Rd5+ Kg6 48. R1d4 Rh7 49. Kg3 1-0


[Site "https://www.chess.com"]

[Event "Titled Tuesday Blitz April 25 Early 2023"]
[White "Mordechai, Hanan"]
[Black "Janik, Igor"]
[WhiteFideId "2804166"]
[BlackFideId "1159259"]
[WhiteElo "2324"]
[BlackElo "2484"]
[Result "0-1"]
[Round "02"]
[TimeControl "180+2"]
[Date "2023.04.25"]
[WhiteClock "0:00:02"]
[BlackClock "0:01:05"]

1. e4 Nf6 2. e5 Nd5 3. d4 d6 4. c4 Nb6 5. f4 g6 6. Be3 Bg7 7. Nc3 dxe5 8. fxe5 c5 9. dxc5 Qxd1+ 10. Rxd1 N6d7 11. e6 Bxc3+ 12. bxc3 fxe6 13. g3 Nc6 14. Bg2 e5 15. Ne2 Nf6 16. O-O Be6 17. Bd5 Bg4 18. Rd2 O-O-O 19. Bg5 Bxe2 20. Rxe2 Nxd5 21. cxd5 Rxd5 22. Rf7 Kd7 23. Rb2 Ke6 24. Rg7 h6 25. Rxg6+ Kf5 26. Rxh6 Rxh6 27. Bxh6 Rxc5 28. Rxb7 Rxc3 29. a4 Ke4 30. Kg2 e6 31. h4 Rc2+ 32. Kh3 a5 33. Kg4 Nd4 34. h5 Rh2 35. Bg5 Nf5 36. Rb5 Kd4 37. Rxa5 e4 38. Ra6 Kd5 39. Ra5+ Kd4 40. Bf6+ Kd3 41. Ra8 e3 42. Rd8+ Ke4 43. Bc3 e2 44. a5 Ne3+ 45. Kg5 Nd5 46. Be1 Rh1 47. Re8 e5 48. a6 Rxe1 49. a7 Ra1 50. a8=Q Rxa8 51. Rxa8 e1=Q 52. g4 Qe3+ 53. Kg6 Nf4+ 54. Kf7 Qb3+ 55. Kf8 Qb4+ 56. Kg8 Qe7 57. Ra4+ Kf3 58. h6 Ne6 59. Ra8 Kxg4 60. h7 Qg7# 0-1


[Site "https://www.chess.com"]

[Event "Titled Tuesday Blitz April 25 Early 2023"]
[White "Kukhmazov, Arsen"]
[Black "Moksh Amit Doshi"]
[WhiteFideId "24108260"]
[BlackFideId "25064967"]
[WhiteElo "2396"]
[BlackElo "2297"]
[Result "0-1"]
[Round "02"]
[TimeControl "180+2"]
[Date "2023.04.25"]
[WhiteClock "0:00:09"]
[BlackClock "0:00:38"]

1. d4 Nf6 2. c4 e6 3. Nc3 Bb4 4. Qc2 O-O 5. e4 d5 6. e5 Ne4 7. Bd3 c5 8. Nf3 cxd4 9. Nxd4 Nd7 10. Bf4 Qh4 11. g3 Qh5 12. O-O g5 13. cxd5 Bxc3 14. bxc3 exd5 15. e6 gxf4 16. exd7 fxg3 17. fxg3 Bxd7 18. Bxe4 dxe4 19. Qxe4 b6 20. Qb7 Bh3 21. Rf4 Qe5 22. Qf3 Rae8 23. Kf2 Bd7 24. Qe2 Qd5 25. Qc2 Re5 26. Rd1 Rfe8 27. Nf3 Qc5+ 28. Rdd4 Re3 29. c4 Bc6 30. Qd2 Bxf3 31. Rxf3 Re2+ 0-1


[Site "https://www.chess.com"]

[Event "Titled Tuesday Blitz April 25 Early 2023"]
[White "Sahib Singh"]
[Black "Narayanan, Srinath"]
[WhiteFideId "25618342"]
[BlackFideId "5018420"]
[WhiteElo "1934"]
[BlackElo "2438"]
[Result "0-1"]
[Round "02"]
[TimeControl "180+2"]
[Date "2023.04.25"]
[WhiteClock "0:00:17"]
[BlackClock "0:00:12"]

1. e4 c6 2. d4 d5 3. Nc3 dxe4 4. Nxe4 Nf6 5. Nxf6+ exf6 6. c3 Bd6 7. Bd3 O-O 8. Qc2 Re8+ 9. Ne2 h5 10. Be3 Nd7 11. O-O-O Nf8 12. h4 Be6 13. Kb1 Qa5 14. b3 Qc7 15. Rde1 a5 16. g3 a4 17. b4 b6 18. Nf4 Bg4 19. Be4 Qd7 20. Bd2 Rad8 21. Qxa4 b5 22. Qc2 Bxf4 23. Bxf4 Be6 24. Bc1 Bc4 25. Bd3 Bd5 26. Rhg1 Ne6 27. Bh7+ Kf8 28. Bf5 Qd6 29. Qd1 g6 30. Bc2 Bc4 31. g4 hxg4 32. Qxg4 Ng7 33. Qd1 Qh2 34. Qf3 Nh5 35. Rh1 Qd6 36. a3 Bd5 37. Qd3 Bxh1 38. Rxh1 Qe6 39. Rg1 Qe2 40. Qh3 Qxf2 41. Rf1 Qg3 42. Qh1 Qxc3 43. Rf3 Qe1 44. Qg2 Re2 45. Qg4 Rxc2 46. Kxc2 Qe2+ 47. Kb1 Re8 48. Qh3 Qe4+ 49. Kb2 Qxd4+ 50. Kb1 Qe4+ 51. Rd3 Rd8 52. Kc2 Kg7 53. Kc3 Rd5 54. Rxd5 Qxd5 55. Qd3 Qe5+ 56. Qd4 Qg3+ 57. Kb2 Qh2+ 58. Bd2 Ng3 59. Kb3 Nf5 60. Qd7 Qh3+ 61. Bc3 Qf3 62. Qd8 Nxh4 63. Qd6 Ng2 64. Kb2 Ne3 65. Qd3 Nc4+ 66. Kc2 Nxa3+ 67. Kd2 Nc4+ 68. Kc2 Qxd3+ 69. Kxd3 g5 70. Ke4 Kg6 71. Bd4 f5+ 72. Kf3 f4 73. Kg4 f5+ 74. Kf3 Kf7 75. Bc5 Ke6 76. Bd4 Ne5+ 77. Kf2 g4 78. Ke2 f3+ 79. Ke3 Kd5 80. Bc3 Nc4+ 81. Kf4 f2 82. Kxf5 f1=Q+ 83. Kxg4 Qd3 84. Bf6 Ne3+ 85. Kg5 Qf5+ 86. Kh6 Ng4+ 87. Kg7 Qxf6+ 88. Kg8 Qe7 89. Kh8 Ne5 90. Kg8 Qf7+ 91. Kh8 Ng6# 0-1


[Site "https://www.chess.com"]

[Event "Titled Tuesday Blitz April 25 Early 2023"]
[White "SashaKuzhilniy"]
[Black "Mekhitarian, Krikor Sevag"]
[BlackFideId "2107660"]
[WhiteElo "2569"]
[BlackElo "2604"]
[Result "0-1"]
[Round "02"]
[TimeControl "180+2"]
[Date "2023.04.25"]
[WhiteClock "0:00:01"]
[BlackClock "0:00:13"]

1. b3 Nf6 2. Bb2 g6 3. Nf3 Bg7 4. g3 O-O 5. Bg2 c5 6. c4 Nc6 7. O-O d6 8. d4 cxd4 9. Nxd4 Bd7 10. Nc3 Rc8 11. Nc2 a6 12. Ne3 h5 13. Qd2 h4 14. Rfd1 h3 15. Bh1 Re8 16. Ncd5 Nxd5 17. Nxd5 Ne5 18. Bd4 Bc6 19. Qb2 e6 20. Nf4 Bxh1 21. Kxh1 Qc7 22. Nxh3 Bh6 23. f3 Qc6 24. Bxe5 dxe5 25. Nf2 Bg7 26. e4 Red8 27. Qe2 Rd4 28. Rxd4 exd4 29. Nd3 e5 30. Kg2 Qd6 31. Rc1 Bh6 32. Rc2 Be3 33. c5 Qe6 34. Rc4 Kg7 35. Qc2 f5 36. h3 fxe4 37. fxe4 Rh8 38. g4 Rc8 39. Qe2 Rf8 40. Rc2 Qc6 41. Nxe5 Qxe4+ 42. Nf3 d3 43. Rc4 dxe2 44. Rxe4 Rxf3 45. Kxf3 e1=Q 46. Rxe3 Qc1 47. b4 Qf1+ 48. Kg3 Qg1+ 49. Kf3 Qh1+ 50. Kg3 Qd5 51. a3 Qd4 52. Rf3 g5 53. Kg2 Kg6 54. Kg3 a5 55. bxa5 Qxc5 56. Rf5 Qxa3+ 57. Kg2 Qb2+ 58. Kg3 Qb3+ 59. Kg2 Qd3 60. Kh2 Qe4 61. Kg3 Qe2 62. Rf2 Qe1 63. Kh2 Qxf2+ 0-1


[Site "https://www.chess.com"]